 Dungeon Crawl Stone Soup version 0.23.2-30-g0e89c35649 (webtiles) character file.

Game seed: 3918899579700621597

184 Mrkan the Poker (level 5, -4/47 HPs)
             Began as a Draconian Monk on June 23, 2019.
             Slain by an ogre
             ... wielding a cursed +0 giant club
              (10 damage)
             ... on level 4 of the Dungeon.
             The game lasted 00:05:15 (2952 turns).

Mrkan the Poker (Draconian Monk)                    Turns: 2952, Time: 00:05:16

Health: -4/47      AC:  5    Str: 14    XL:     5   Next: 36%
Magic:  5/5        EV: 10    Int: 11    God:
Gold:   168        SH:  7    Dex: 13    Spells: 4/4 levels left

rFire    . . .     SeeInvis .   a - +0 spear
rCold    . . .     Gourm    .   k - +0 shield
rNeg     . . .     Faith    .   (armour unavailable)
rPois    .         Spirit   .   (helmet restricted)
rElec    .         Reflect  .   (no cloak)
rCorr    .         Harm     .   (no gloves)
MR       .....                  (no boots)
Stlth    ++........             (no amulet)
HPRegen  0.15/turn              (no ring)
MPRegen  0.09/turn              (no ring)

@: no status effects
A: unfitting armour, cold-blooded, AC +5
a: no special abilities


You were on level 4 of the Dungeon.
You were not hungry.

You visited 1 branch of the dungeon, and saw 4 of its levels.

You collected 168 gold pieces.

Inventory:

Hand Weapons
 a - a +0 spear (weapon)
Armour
 k - a +0 shield (worn)
Scrolls
 c - 2 scrolls of identify {unknown}
 f - a scroll of magic mapping {unknown}
 h - a scroll of amnesia {unknown}
 i - a scroll of fear {unknown}
 j - 3 scrolls of remove curse {unknown}
 m - a scroll of random uselessness {unknown}
 q - a scroll of enchant weapon {unknown}
Potions
 d - 3 potions of agility {unknown}
 e - a potion of haste {unknown}
 g - 2 potions of curing {unknown}
 l - a potion of magic {unknown}
 n - a potion of invisibility {unknown}
 o - a potion of degeneration {unknown}
 p - 2 potions of cancellation {unknown}
Comestibles
 b - 7 rations


   Skills:
 + Level 4.3 Fighting
 * Level 4.7 Polearms
 + Level 3.5 Dodging
 - Level 1.7 Stealth
 + Level 0.7 Shields


You had 4 spell levels left.
You didn't know any spells.
Your spell library was empty.

Dungeon Overview and Level Annotations

Branches:
Dungeon (4/15)
 Temple: D:4-7

Altars:
Ashenzari
Cheibriados


Innate Abilities, Weirdness & Mutations

Your plain brown scales are hard. (AC +5)
You cannot fit into any form of body armour.
You are cold-blooded and may be slowed by cold attacks.


Message History

The ogre is moderately wounded.
The ogre closely misses you.
You hit the ogre.
You tail-slap the ogre, but do no damage.
The ogre is heavily wounded.
You hit the ogre.
The ogre is heavily wounded.
The ogre barely misses you.
You hit the ogre.
The ogre is heavily wounded.
The ogre hits you with a cursed +0 giant club!!
Ouch! That really hurt!
* * * LOW HITPOINT WARNING * * *
You hit the ogre.
Your tail-slap misses the ogre.
The ogre is severely wounded.
The ogre hits you with a cursed +0 giant club.
* * * LOW HITPOINT WARNING * * *
You see here 23 sling bullets.
The ogre hits you with a cursed +0 giant club!
You die...

....##...............#
####...##.
...###...<...........###....###
...# #...............#...####
...# #.................### .###
##..............### ##
##.....#.......#######.
#########.#...........
#.#...#######. #......# #@#####
#......# #O# #......### #.#
#.........###.#####
....>.##.........# .....
#.........### #..#
#............. #.#
###..#.####### #.# ###...#.#


You could see an ogre.

Vanquished Creatures
  A hound (D:4)
  A worker ant (D:3)
  Terence (D:3)
  Robin (D:2)
  2 adders (D:2)
  3 oozes
  A worm (D:4)
  An adder skeleton (D:4)
  A dart slug (D:2)
  4 leopard geckos
  4 orcs
  2 giant cockroaches (D:1)
  12 goblins
  5 hobgoblins
  2 jackals (D:2)
  3 bats
  2 frilled lizards (D:1)
  4 kobolds
  5 rats
55 creatures vanquished.

Notes
Turn   | Place    | Note
-------+----------+-------------------------------------------
     0 | D:1      | Mrkan the Draconian Monk began the quest for the Orb.
     0 | D:1      | Reached XP level 1. HP: 19/19 MP: 1/1
    67 | D:1      | Reached XP level 2. HP: 10/26 MP: 2/2
   579 | D:1      | Reached XP level 3. HP: 33/33 MP: 3/3
   712 | D:2      | Noticed Robin
   978 | D:2      | Killed Robin
  1195 | D:2      | Reached XP level 4. HP: 27/40 MP: 4/4
  1700 | D:3      | Noticed Terence
  1719 | D:3      | Killed Terence
  2002 | D:4      | Reached XP level 5. HP: 35/46 MP: 5/5
  2895 | D:4      | Found a snail-covered altar of Cheibriados.
  2898 | D:4      | Found a shattered altar of Ashenzari.
  2915 | D:4      | Noticed an ogre
  2952 | D:4      | Slain by an ogre

Skill      XL: |  1  2  3  4 |
---------------+-------------+-----
Dodging        | 3 |  3.5
Polearms       | 4 |  4.7
Fighting       | 4 |  4.3
Stealth        | |  1.7
Shields        | |  0.7

Action                   |  1- 3 |  4- 6 || total
-------------------------+-------+-------++-------
Melee: Spear             |   138 |   136 ||   274
       Tailslap          |     7 |    24 ||    31
 Stab: Sleeping          |     3 |       ||     3
  Eat: Chunk             |       |     3 ||     3
       Ration            |       |     1 ||     1
Armor: Skin              |    38 |    26 ||    64
Dodge: Dodged            |    76 |    63 ||   139
Block: Shield            |       |    17 ||    17
